General information
- name: BNet
- type: Ladder team game (AT/RT)
- host: Battle.net
- saver: Blinn
map: Slalom
- players: 8
- length: 40:35
- speed: Fast
- version: 1.20 W3XP
- replay type:

» download(299 KB)
Players
team 1 (winner)
Blinn (
green | 83 APM | 3360 actions | 40:35)
6 Blademaster
3 Wind Walk
2 Critical Strike
1 Bladestorm
» actions
| Assign group hotkey | 323 | |
| Basic commands | 1 | |
| Build / train | 52 | |
| ESC pressed | 12 | |
| Enter build submenu | 70 | |
| Enter hero's abilities submenu | 6 | |
| Give item / drop item | 1 | |
| Remove unit from queue | 4 | |
| Right click | 2164 | |
| Select / deselect | 349 | |
| Select group hotkey | 156 | |
| Use ability | 222 | |
3360 total
» units
» upgrades
» buildings
| Altar of Storms | 1 | |
| Orc Burrow | 4 | |
| War Mill | 1 | |
| Watch Tower | 53 | |
| Voodoo Lounge | 3 | |
| Stronghold | 4 | |
| Fortress | 2 | |
| Beastiary | 2 | |
70 total
» build order
00:02 Altar of Storms
00:13 Orc Burrow
00:41 War Mill
02:46 Watch Tower
02:54 Watch Tower
03:10 Watch Tower
03:15 Watch Tower
03:20 Watch Tower
03:25 Orc Burrow
03:46 Watch Tower
03:59 Watch Tower
04:01 Watch Tower
04:22 Watch Tower
04:31 Watch Tower
04:53 Watch Tower
05:29 Watch Tower
05:36 Voodoo Lounge
05:38 Voodoo Lounge
06:00 Watch Tower
06:33 Watch Tower
06:38 Watch Tower
06:42 Watch Tower
07:02 Orc Burrow
07:11 Watch Tower
08:08 Watch Tower
08:12 Watch Tower
08:14 Watch Tower
08:20 Watch Tower
08:23 Watch Tower
08:30 Stronghold
08:31 Stronghold
08:31 Stronghold
09:14 Watch Tower
09:22 Watch Tower
09:27 Watch Tower
09:57 Watch Tower
10:00 Watch Tower
10:15 Watch Tower
10:17 Watch Tower
10:20 Watch Tower
10:45 Watch Tower
10:46 Watch Tower
11:33 Watch Tower
11:36 Watch Tower
12:32 Watch Tower
12:36 Watch Tower
12:45 Watch Tower
12:46 Watch Tower
12:48 Watch Tower
12:51 Watch Tower
13:19 Watch Tower
13:21 Watch Tower
14:01 Watch Tower
14:09 Watch Tower
14:11 Watch Tower
14:31 Watch Tower
14:36 Fortress
14:36 Fortress
14:38 Beastiary
14:40 Orc Burrow
15:16 Watch Tower
15:27 Watch Tower
15:36 Beastiary
15:48 Watch Tower
16:25 Watch Tower
16:29 Watch Tower
17:02 Watch Tower
17:54 Watch Tower
21:24 Voodoo Lounge
» items
| Healing Salve | 3 | |
| Lesser Clarity Potion | 2 | |
| Scroll of Speed | 1 | |
| Staff of Teleportation | 1 | |
| Orb of Lightning | 1 | |
| Potion of Healing | 1 | |
| Boots of Speed | 1 | |
10 total

»
Mata. (
orange | 102 APM | 4129 actions | 40:33)
10 Pandaren Brewmaster
3 Breath of Fire
3 Drunken Haze
3 Drunken Brawler
1 Storm Earth and Fire
» actions
| Assign group hotkey | 290 | |
| Basic commands | 80 | |
| Build / train | 124 | |
| ESC pressed | 5 | |
| Enter build submenu | 53 | |
| Enter hero's abilities submenu | 10 | |
| Give item / drop item | 6 | |
| Remove unit from queue | 2 | |
| Right click | 2003 | |
| Select / deselect | 692 | |
| Select group hotkey | 691 | |
| Use ability | 171 | |
4129 total
» units
| Acolyte | 17 | |
| Ghoul | 8 | |
| Crypt Fiend | 9 | |
| Abomination | 2 | |
| Obsidian Statue | 2 | |
| Frost Wyrm | 9 | |
47 total
» upgrades
| Web | 1 | |
| Destroyer Form | 1 | |
| Freezing Breath | 1 | |
| Creature Attack | 3 | |
| Creature Carapace | 3 | |
9 total
» buildings
| Crypt | 2 | |
| Ziggurat | 33 | |
| Altar of Darkness | 2 | |
| Necropolis | 1 | |
| Graveyard | 1 | |
| Spirit Tower | 22 | |
| Nerubian Tower | 2 | |
| Halls of the Dead | 2 | |
| Temple of the Damned | 1 | |
| Black Citadel | 2 | |
| Sacrificial Pit | 1 | |
| Slaughterhouse | 1 | |
| Tomb of Relics | 1 | |
| Boneyard | 4 | |
75 total
» build order
00:12 Crypt
00:16 Ziggurat
00:57 Altar of Darkness
01:49 Ziggurat
02:18 Necropolis
03:19 Graveyard
04:26 Ziggurat
04:28 Ziggurat
04:31 Ziggurat
04:35 Ziggurat
04:36 Ziggurat
04:37 Ziggurat
04:39 Ziggurat
04:40 Ziggurat
05:23 Spirit Tower
05:23 Spirit Tower
05:23 Spirit Tower
05:24 Spirit Tower
05:24 Spirit Tower
05:25 Nerubian Tower
05:44 Crypt
06:30 Spirit Tower
06:30 Spirit Tower
06:34 Halls of the Dead
06:34 Halls of the Dead
08:49 Ziggurat
08:50 Ziggurat
08:50 Ziggurat
08:52 Ziggurat
10:23 Spirit Tower
10:24 Spirit Tower
10:45 Temple of the Damned
11:45 Ziggurat
11:46 Ziggurat
11:47 Ziggurat
11:50 Ziggurat
12:03 Ziggurat
12:10 Black Citadel
12:17 Ziggurat
12:20 Ziggurat
12:22 Ziggurat
14:30 Sacrificial Pit
14:34 Spirit Tower
14:35 Spirit Tower
15:26 Ziggurat
15:26 Ziggurat
15:27 Ziggurat
15:30 Slaughterhouse
17:10 Tomb of Relics
18:00 Spirit Tower
18:00 Spirit Tower
18:03 Altar of Darkness
19:40 Boneyard
19:44 Ziggurat
19:45 Ziggurat
19:46 Ziggurat
20:50 Boneyard
20:52 Boneyard
20:54 Boneyard
21:02 Spirit Tower
21:03 Spirit Tower
21:55 Ziggurat
21:55 Ziggurat
21:56 Ziggurat
21:56 Ziggurat
21:57 Ziggurat
» items
| Healing Salve | 7 | |
| Lesser Clarity Potion | 3 | |
| Potion of Healing | 1 | |
| Orb of Lightning | 1 | |
| Scroll of Town Portal | 3 | |
15 total
SyLink (
blue | 69 APM | 2792 actions | 40:33)
10 Blademaster
3 Wind Walk
3 Critical Strike
1 Bladestorm
3 Mirror Image
» actions
| Assign group hotkey | 57 | |
| Basic commands | 50 | |
| Build / train | 65 | |
| ESC pressed | 1 | |
| Enter build submenu | 152 | |
| Enter hero's abilities submenu | 10 | |
| Give item / drop item | 4 | |
| Remove unit from queue | 3 | |
| Right click | 1322 | |
| Select / deselect | 386 | |
| Select group hotkey | 473 | |
| Use ability | 269 | |
2792 total
» units
» upgrades
| Reinforced Defenses | 1 | |
| Spiked Barricades | 2 | |
3 total
» buildings
| Altar of Storms | 1 | |
| Orc Burrow | 4 | |
| War Mill | 1 | |
| Watch Tower | 143 | |
| Voodoo Lounge | 2 | |
| Stronghold | 1 | |
| Great Hall | 4 | |
| Fortress | 1 | |
157 total
» build order
00:02 Altar of Storms
00:04 Orc Burrow
00:42 War Mill
02:30 Watch Tower
02:50 Watch Tower
03:25 Orc Burrow
03:39 Watch Tower
03:41 Watch Tower
03:42 Watch Tower
03:54 Voodoo Lounge
04:17 Orc Burrow
04:41 Watch Tower
04:48 Watch Tower
04:50 Watch Tower
05:18 Watch Tower
05:21 Orc Burrow
05:47 Watch Tower
06:28 Watch Tower
06:30 Watch Tower
06:31 Watch Tower
06:54 Watch Tower
07:49 Watch Tower
07:50 Watch Tower
08:03 Watch Tower
08:05 Watch Tower
08:28 Watch Tower
08:40 Watch Tower
08:41 Watch Tower
08:45 Stronghold
09:24 Watch Tower
09:26 Watch Tower
09:29 Watch Tower
09:31 Watch Tower
09:32 Watch Tower
09:34 Watch Tower
09:50 Watch Tower
10:06 Watch Tower
10:07 Watch Tower
10:34 Watch Tower
10:41 Great Hall
11:41 Watch Tower
11:43 Watch Tower
11:45 Watch Tower
11:46 Watch Tower
11:49 Watch Tower
11:51 Watch Tower
12:12 Watch Tower
12:42 Watch Tower
12:52 Watch Tower
13:17 Fortress
13:41 Watch Tower
13:43 Watch Tower
13:46 Watch Tower
13:51 Watch Tower
13:56 Watch Tower
14:48 Watch Tower
14:49 Watch Tower
14:55 Watch Tower
14:57 Watch Tower
14:58 Watch Tower
15:02 Watch Tower
15:03 Watch Tower
15:10 Watch Tower
15:11 Watch Tower
15:24 Watch Tower
16:02 Watch Tower
16:04 Watch Tower
16:29 Watch Tower
16:31 Watch Tower
16:31 Watch Tower
17:07 Watch Tower
17:08 Watch Tower
17:21 Watch Tower
18:27 Watch Tower
18:30 Watch Tower
19:21 Watch Tower
19:24 Watch Tower
19:26 Watch Tower
19:36 Watch Tower
19:40 Watch Tower
19:52 Watch Tower
20:57 Watch Tower
20:59 Watch Tower
21:00 Watch Tower
21:34 Voodoo Lounge
21:36 Watch Tower
21:37 Watch Tower
21:39 Watch Tower
21:40 Watch Tower
21:41 Watch Tower
21:42 Watch Tower
21:43 Watch Tower
21:44 Watch Tower
21:45 Watch Tower
21:53 Watch Tower
21:54 Watch Tower
21:55 Watch Tower
21:57 Watch Tower
21:58 Watch Tower
21:59 Watch Tower
22:45 Watch Tower
22:55 Watch Tower
22:57 Watch Tower
22:58 Watch Tower
23:00 Watch Tower
23:01 Watch Tower
23:02 Watch Tower
23:06 Watch Tower
23:09 Watch Tower
23:10 Watch Tower
23:12 Watch Tower
23:20 Watch Tower
23:21 Watch Tower
23:27 Watch Tower
23:51 Watch Tower
25:53 Watch Tower
25:55 Watch Tower
25:57 Watch Tower
26:06 Watch Tower
26:12 Watch Tower
26:15 Watch Tower
26:17 Watch Tower
26:20 Watch Tower
26:23 Watch Tower
27:12 Watch Tower
27:14 Watch Tower
27:16 Watch Tower
27:18 Watch Tower
27:22 Watch Tower
27:28 Watch Tower
27:30 Watch Tower
27:32 Watch Tower
27:34 Watch Tower
31:40 Watch Tower
31:42 Watch Tower
31:44 Watch Tower
31:45 Watch Tower
31:46 Watch Tower
31:47 Watch Tower
31:48 Watch Tower
31:51 Watch Tower
33:28 Watch Tower
33:30 Watch Tower
33:31 Watch Tower
33:33 Watch Tower
33:34 Watch Tower
33:36 Watch Tower
33:38 Watch Tower
33:50 Watch Tower
33:52 Watch Tower
34:52 Watch Tower
34:53 Watch Tower
34:54 Watch Tower
34:56 Watch Tower
37:18 Great Hall
37:59 Great Hall
38:10 Great Hall
» items
| Healing Salve | 5 | |
| Boots of Speed | 1 | |
| Orb of Lightning | 1 | |
| Staff of Teleportation | 1 | |
| Potion of Lesser Invulnerability | 2 | |
| Potion of Healing | 2 | |
| Potion of Mana | 1 | |
13 total
timg4strok (
purple | 53 APM | 2166 actions | 40:33)
7 Dark Ranger
3 Black Arrow
3 Silence
1 Charm
» actions
| Assign group hotkey | 37 | |
| Basic commands | 71 | |
| Build / train | 58 | |
| ESC pressed | 4 | |
| Enter build submenu | 54 | |
| Enter hero's abilities submenu | 7 | |
| Give item / drop item | 2 | |
| Right click | 1076 | |
| Select / deselect | 282 | |
| Select group hotkey | 473 | |
| Use ability | 102 | |
2166 total
» units
| Acolyte | 9 | |
| Ghoul | 7 | |
| Frost Wyrm | 8 | |
24 total
» upgrades
| Creature Attack | 3 | |
| Creature Carapace | 3 | |
| Freezing Breath | 1 | |
| Ghoul Frenzy | 1 | |
8 total
» buildings
| Crypt | 1 | |
| Altar of Darkness | 2 | |
| Ziggurat | 30 | |
| Halls of the Dead | 2 | |
| Necropolis | 4 | |
| Black Citadel | 1 | |
| Tomb of Relics | 2 | |
| Sacrificial Pit | 2 | |
| Graveyard | 1 | |
| Boneyard | 4 | |
| Spirit Tower | 9 | |
| Nerubian Tower | 2 | |
60 total
» build order
00:22 Crypt
00:26 Altar of Darkness
01:27 Ziggurat
02:07 Ziggurat
04:28 Halls of the Dead
06:58 Necropolis
08:50 Black Citadel
09:15 Ziggurat
09:40 Tomb of Relics
10:03 Sacrificial Pit
10:06 Ziggurat
10:09 Ziggurat
10:12 Ziggurat
10:55 Ziggurat
10:59 Ziggurat
11:23 Graveyard
12:04 Boneyard
12:09 Boneyard
12:53 Spirit Tower
13:11 Halls of the Dead
13:14 Necropolis
13:16 Necropolis
13:20 Necropolis
13:37 Ziggurat
14:34 Nerubian Tower
19:14 Ziggurat
20:37 Spirit Tower
20:40 Ziggurat
20:42 Ziggurat
20:43 Ziggurat
20:43 Ziggurat
21:38 Sacrificial Pit
21:57 Spirit Tower
22:00 Spirit Tower
22:05 Ziggurat
22:06 Ziggurat
22:08 Ziggurat
22:10 Ziggurat
22:16 Ziggurat
22:30 Ziggurat
22:56 Boneyard
22:57 Boneyard
23:06 Nerubian Tower
23:07 Spirit Tower
23:09 Spirit Tower
25:50 Spirit Tower
25:54 Spirit Tower
27:10 Ziggurat
27:12 Ziggurat
29:10 Spirit Tower
30:55 Altar of Darkness
31:18 Tomb of Relics
31:34 Ziggurat
31:40 Ziggurat
31:42 Ziggurat
31:45 Ziggurat
31:46 Ziggurat
31:48 Ziggurat
31:51 Ziggurat
31:54 Ziggurat
» items
| Staff of Teleportation | 1 | |
| Boots of Speed | 1 | |
| Healing Salve | 1 | |
| Lesser Clarity Potion | 1 | |
4 total
team 2 (loser)
BLiND.side (
yellow | 35 APM | 1203 actions | 34:38)
5 Death Knight
3 Death Coil
2 Death Pact
1 Lich
1 Frost Armor
» actions
| Basic commands | 29 | |
| Build / train | 51 | |
| Enter build submenu | 15 | |
| Enter hero's abilities submenu | 6 | |
| Give item / drop item | 1 | |
| Remove unit from queue | 1 | |
| Right click | 726 | |
| Select / deselect | 316 | |
| Use ability | 58 | |
1203 total
» units
| Acolyte | 8 | |
| Ghoul | 3 | |
| Crypt Fiend | 7 | |
| Frost Wyrm | 14 | |
32 total
» upgrades
| Creature Attack | 3 | |
| Freezing Breath | 1 | |
| Web | 1 | |
| Creature Carapace | 2 | |
7 total
» buildings
| Altar of Darkness | 1 | |
| Ziggurat | 8 | |
| Crypt | 2 | |
| Graveyard | 1 | |
| Nerubian Tower | 1 | |
| Halls of the Dead | 1 | |
| Black Citadel | 1 | |
| Sacrificial Pit | 1 | |
| Necropolis | 1 | |
| Boneyard | 2 | |
19 total
» build order
00:17 Altar of Darkness
00:19 Ziggurat
00:45 Crypt
01:03 Graveyard
01:32 Crypt
02:05 Ziggurat
04:38 Nerubian Tower
04:59 Halls of the Dead
05:51 Halls of the Dead
05:55 Ziggurat
05:57 Ziggurat
05:58 Ziggurat
08:41 Black Citadel
08:45 Sacrificial Pit
09:14 Necropolis
12:04 Boneyard
12:05 Boneyard
12:46 Ziggurat
12:46 Ziggurat
12:49 Ziggurat
Krulock (
red | 53 APM | 1839 actions | 34:57)
5 Priestess of the Moon
3 Trueshot Aura
2 Scout
» actions
| Assign group hotkey | 40 | |
| Basic commands | 32 | |
| Build / train | 70 | |
| ESC pressed | 1 | |
| Enter build submenu | 24 | |
| Enter hero's abilities submenu | 5 | |
| Give item / drop item | 2 | |
| Right click | 605 | |
| Select / deselect | 390 | |
| Select group hotkey | 616 | |
| Use ability | 54 | |
1839 total
» units
| Wisp | 25 | |
| Archer | 12 | |
| Huntress | 1 | |
| Glaive Thrower | 14 | |
| Hippogryph | 2 | |
54 total
» upgrades
| Ultravision | 1 | |
| Vorpal Blades | 1 | |
| Hippogryph Taming | 1 | |
| Strength of the Moon | 2 | |
| Well Spring | 1 | |
6 total
» buildings
| Altar of Elders | 1 | |
| Ancient of War | 3 | |
| Moon Well | 8 | |
| Hunter's Hall | 1 | |
| Tree of Ages | 1 | |
| Ancient of Wind | 2 | |
| Ancient of Wonders | 1 | |
| Tree of Eternity | 1 | |
| Tree of Life | 1 | |
| Ancient Protector | 5 | |
24 total
» build order
00:09 Altar of Elders
00:35 Ancient of War
00:40 Moon Well
01:57 Moon Well
02:36 Ancient of War
03:46 Moon Well
04:17 Hunter's Hall
05:25 Tree of Ages
07:17 Moon Well
08:49 Ancient of Wind
08:51 Ancient of Wind
09:07 Ancient of Wonders
11:54 Tree of Eternity
15:25 Ancient of War
17:03 Moon Well
20:52 Tree of Life
23:37 Ancient Protector
23:40 Ancient Protector
23:43 Ancient Protector
23:46 Ancient Protector
26:45 Moon Well
29:06 Ancient Protector
29:47 Moon Well
29:54 Moon Well
» items

»
Lemphis (
pink | 49 APM | 1596 actions | 32:20)
5 Dreadlord
3 Vampiric Aura
2 Sleep
1 Priestess of the Moon
1 Starfall
1 Death Knight
1 Unholy Aura
» actions
| Assign group hotkey | 29 | |
| Basic commands | 235 | |
| Build / train | 95 | |
| Enter build submenu | 28 | |
| Enter hero's abilities submenu | 8 | |
| Give item / drop item | 5 | |
| Remove unit from queue | 3 | |
| Right click | 418 | |
| Select / deselect | 511 | |
| Select group hotkey | 168 | |
| Use ability | 96 | |
1596 total
» units
| Acolyte | 7 | |
| Ghoul | 20 | |
| Gargoyle | 3 | |
| Meatwagon | 8 | |
| Necromancer | 12 | |
| Obsidian Statue | 3 | |
| Abomination | 1 | |
54 total
» upgrades
| Creature Attack | 2 | |
| Ghoul Frenzy | 1 | |
| Creature Carapace | 0 | |
| Unholy Strength | 3 | |
| Unholy Armor | 3 | |
| Necromancer Training | 2 | |
| Skeletal Mastery | 1 | |
| Skeletal Longevity | 1 | |
| Exhume Corpses | 1 | |
| Disease Cloud | 1 | |
| Destroyer Form | 1 | |
| Banshee Training | 1 | |
17 total
» buildings
| Crypt | 2 | |
| Ziggurat | 10 | |
| Altar of Darkness | 1 | |
| Halls of the Dead | 1 | |
| Graveyard | 1 | |
| Black Citadel | 1 | |
| Necropolis | 1 | |
| Temple of the Damned | 4 | |
| Slaughterhouse | 2 | |
| Tomb of Relics | 1 | |
| Spirit Tower | 1 | |
25 total
» build order
00:04 Crypt
00:06 Ziggurat
00:54 Altar of Darkness
01:26 Ziggurat
02:13 Ziggurat
02:16 Ziggurat
03:38 Halls of the Dead
04:23 Ziggurat
04:31 Graveyard
05:11 Ziggurat
05:13 Ziggurat
06:00 Black Citadel
06:41 Crypt
08:12 Necropolis
11:27 Temple of the Damned
11:38 Slaughterhouse
11:40 Temple of the Damned
11:43 Slaughterhouse
11:46 Temple of the Damned
11:55 Temple of the Damned
11:59 Ziggurat
12:01 Ziggurat
12:04 Ziggurat
12:41 Tomb of Relics
30:38 Spirit Tower
» items
| Scroll of Protection | 1 | |
| Potion of Lesser Invulnerability | 2 | |
| Orb of Corruption | 1 | |
| Potion of Mana | 1 | |
| Potion of Healing | 1 | |
| Scroll of Town Portal | 2 | |
| Boots of Speed | 1 | |
9 total
SoYbOmB (
teal | 40 APM | 1636 actions | 40:33)
6 Death Knight
3 Death Coil
2 Unholy Aura
1 Animate Dead
7 Lich
3 Frost Nova
2 Dark Ritual
1 Death and Decay
1 Frost Armor
» actions
| Assign group hotkey | 609 | |
| Build / train | 76 | |
| Enter build submenu | 22 | |
| Enter hero's abilities submenu | 13 | |
| Give item / drop item | 1 | |
| Remove unit from queue | 1 | |
| Right click | 450 | |
| Select / deselect | 344 | |
| Select group hotkey | 17 | |
| Use ability | 103 | |
1636 total
» units
| Acolyte | 18 | |
| Ghoul | 2 | |
| Crypt Fiend | 6 | |
| Frost Wyrm | 16 | |
| Obsidian Statue | 2 | |
44 total
» upgrades
| Creature Attack | 3 | |
| Creature Carapace | 3 | |
| Freezing Breath | 1 | |
| Destroyer Form | 1 | |
8 total
» buildings
| Crypt | 1 | |
| Ziggurat | 9 | |
| Altar of Darkness | 1 | |
| Graveyard | 1 | |
| Tomb of Relics | 1 | |
| Halls of the Dead | 1 | |
| Nerubian Tower | 1 | |
| Black Citadel | 4 | |
| Sacrificial Pit | 2 | |
| Boneyard | 2 | |
| Slaughterhouse | 1 | |
24 total
» build order
00:09 Crypt
00:12 Ziggurat
00:39 Altar of Darkness
00:53 Graveyard
01:34 Ziggurat
01:56 Tomb of Relics
02:50 Halls of the Dead
04:35 Ziggurat
05:12 Nerubian Tower
06:55 Black Citadel
06:55 Black Citadel
06:56 Black Citadel
07:33 Sacrificial Pit
07:40 Ziggurat
09:06 Ziggurat
09:37 Boneyard
09:54 Boneyard
12:04 Ziggurat
14:49 Ziggurat
20:29 Ziggurat
20:33 Ziggurat
22:53 Sacrificial Pit
23:03 Slaughterhouse
» items
Chat log
(00:06 / Allies) Mata.: i guess
(00:09 / Allies) Mata.: send peons now
(00:10 / Allies) Blinn: no other option
(00:18 / Allies) SyLink: yah lets not let anything through this time
(00:19 / Allies) Mata.: late
(00:19 / Allies) Mata.: peons
(00:25 / Allies) Mata.: late
(00:25 / Allies) Mata.: peons
(00:29 / Allies) Mata.: getting later
(00:31 / Allies) SyLink: are we towering their side or ours
(00:36 / Allies) Mata.: theirs
(00:40 / Allies) SyLink: oph dera
(00:40 / Allies) Mata.: and you haven't sent peons yet
(00:44 / Allies) Blinn: ugh but
(00:47 / Allies) timg4strok: oh fuck gimme some wood back lmao
(01:02 / Allies) Mata.: i'll try to tower bottom
(01:02 / Allies) Mata.: with ud
(01:04 / Allies) SyLink: well someone better feed me wood
(01:08 / Allies) Mata.: obviously
(01:09 / Allies) timg4strok: ok guess i got late late late late late late hero since sylink doesnt want to give wood back
(01:10 / Allies) SyLink: sending to bottom
(01:10 / Allies) timg4strok: no zig
(01:18 / Allies) SyLink: bliinnn should have top
(01:21 / Allies) Mata.: i'll hit up the tav timg
(01:25 / Allies) timg4strok: still no wood back
(01:39 / Allies) SyLink: blinn its going to take mor ethan 1 peon
(01:41 / Allies) SyLink: fyiii
(01:49 / Allies) Blinn: yeah yeah
(02:03 / Allies) SyLink: you need scourge
(02:16 / Allies) timg4strok: summon necro
(02:19 / Allies) Mata.: yeah
(02:21 / Allies) SyLink: this is a crazy plan
(02:30 / Allies) timg4strok: share
(02:31 / Allies) timg4strok: maybe
(02:35 / Allies) Blinn: do i start
(02:39 / Allies) Blinn: here>?
(02:39 / Allies) Mata.: no
(02:39 / Allies) SyLink: wood
(02:41 / Allies) SyLink: needed
(02:41 / Allies) Mata.: behind trees
(02:43 / Allies) Mata.: dont let creeps see
(02:57 / Allies) SyLink: lkaffin
(02:58 / Allies) Mata.: i said dont let creeps see :T
(03:01 / Allies) timg4strok: down more
(03:02 / Allies) Blinn: yeah well
(03:03 / Allies) Blinn: they didn't see
(03:03 / Allies) timg4strok: down
(03:11 / Allies) SyLink: give me wood someone
(03:12 / Allies) timg4strok: right there
(03:12 / Allies) Mata.: they scouted
(03:26 / Allies) timg4strok: sylink i gave you 70 wood in beginning
(03:29 / Allies) Mata.: it's because you guys sent peons way too late
(03:30 / Allies) timg4strok: that you refused to give back for zig
(03:31 / Allies) SyLink: so give more
(03:34 / Allies) timg4strok: no
(03:37 / Allies) SyLink: ok
(03:39 / Allies) timg4strok: my wood going to blinn
(03:48 / Allies) SyLink: then he can make towers
(03:53 / Allies) timg4strok: he is ???
(03:59 / Allies) SyLink: fuck you nigger
(04:07 / Allies) Mata.: go harass
(04:08 / Allies) SyLink: mnaking 49 supply peon
(04:12 / Allies) timg4strok: haahaahahahah
(04:15 / Allies) timg4strok: he killed his own houl
(04:16 / Allies) timg4strok: ghoul
(04:18 / Allies) timg4strok: to deny exp
(04:49 / Allies) Mata.: so timg
(04:52 / Allies) Mata.: assumeing you got wyrm
(04:53 / Allies) timg4strok: so
(04:59 / Allies) timg4strok: yes
(05:01 / Allies) Mata.: building hellbase in mid
(05:09 / Allies) timg4strok: 'ill join i guess
(05:27 / Allies) SyLink: gtfo tim
(05:48 / Allies) Mata.: hum
(05:51 / Allies) Mata.: we gonna fail
(05:58 / Allies) SyLink: where
(06:02 / Allies) timg4strok: focus one pls
(06:34 / Allies) SyLink: this is an orc masterpiece
(06:40 / Allies) Mata.: takeing
(07:04 / Allies) timg4strok: making many citadels in mid
(07:11 / Allies) Mata.: citadels?
(07:13 / Allies) timg4strok: black
(07:17 / Allies) Mata.: i guess
(07:23 / Allies) Mata.: leave room for all my tech too
(07:27 / Allies) Mata.: CJ
(07:45 / Allies) SyLink: lmao
(08:02 / Allies) Blinn: what
(08:07 / Allies) Mata.: i blocked
(08:09 / Allies) SyLink: owned
(08:10 / Allies) Mata.: also potm owl
(08:16 / Allies) Blinn: how did I not see that
(08:57 / Allies) SyLink: i will build secondary and tertiary walls
(09:04 / Allies) Mata.: ud base will be a block of it's own
(09:09 / Allies) Mata.: for now
(09:13 / Allies) timg4strok: ud district
(09:14 / Allies) Mata.: focus on having walls span to top and bot of screen
(09:20 / Allies) Mata.: to prevent air
(09:31 / Allies) timg4strok: ;leave a hole pls
(09:38 / Allies) Mata.: KS him on his second life
(09:58 / Allies) timg4strok: move towers to cover expansion
(10:20 / Allies) Mata.: lure to tower
(10:55 / Allies) SyLink: fuckin gimba owl scout
(11:03 / Allies) timg4strok: move towers left pls
(11:29 / Allies) Mata.: ks again
(12:06 / Allies) SyLink: i got two tomes of xp
(12:33 / Allies) timg4strok: towers left pls
(12:36 / Allies) SyLink: any wood
(12:54 / Allies) Mata.: timg keep fount relatively clear
(12:59 / Allies) Mata.: headin
(13:17 / Allies) Mata.: darn @@
(13:26 / Allies) Mata.: boffing
(13:39 / Allies) Blinn: oowl scouut has no coounteer
(13:49 / Allies) SyLink: its called not having a bm
(13:59 / Allies) Mata.: sylink knows all about not having a bm
(14:10 / Allies) SyLink: truth
(14:12 / Allies) Mata.: tim gowned
(15:02 / Allies) Mata.: damn if BOF isn't imba
(15:16 / Allies) Mata.: heading
(15:38 / Allies) Blinn: seventh son of a seventh son
(15:54 / Allies) Blinn: incoming imo
(15:56 / Allies) Mata.: need that t
(16:00 / Allies) timg4strok: gone
(16:07 / Allies) Blinn: everybody has staves of tp right?
(16:11 / Allies) SyLink: yes
(16:18 / Allies) Mata.: i'm getting mine soon
(16:50 / Allies) timg4strok: creeping while i have huge army
(16:51 / Allies) Mata.: now lez roll
(16:52 / Allies) Blinn: some lum plz
(16:53 / Allies) SyLink: use pot of invulne
(16:57 / Allies) Mata.: i'm coming to the defense
(17:18 / Allies) Mata.: wagonmancing
(17:37 / All) Krulock: b
(17:39 / Allies) SyLink: they dont micro
(17:42 / Allies) SyLink: drag into tower
(17:52 / Allies) Mata.: they micro
(17:55 / Allies) Mata.: tower line gone
(18:05 / Allies) Blinn: over?
(18:11 / Allies) SyLink: nope
(18:18 / Allies) Mata.: fight in the streets
(18:26 / Allies) timg4strok: level 5 dr coming
(18:38 / Allies) SyLink: i swear i researched tier3 fort lik ehour ago
(19:31 / Allies) SyLink: see why i make secondary
(19:37 / Allies) timg4strok: yes
(19:48 / Allies) timg4strok: because if you support primary we wouldnt need
(19:57 / Allies) SyLink: top was blinns job thanks
(20:11 / Allies) Blinn: yo one guy can't hold off four of them
(20:13 / Allies) timg4strok: bottom had like 1/5 of tower
(21:19 / Allies) Mata.: okay massing wyrm now as well
(22:05 / Allies) Mata.: wow level 6 lich
(22:15 / All) Krulock: plz get skill with bm thx
(23:31 / Allies) timg4strok: sylink
(23:34 / Allies) timg4strok: spread your towers
(23:34 / Allies) SyLink: what
(23:36 / Allies) timg4strok: so wyrm dont own
(23:38 / Allies) timg4strok: just one square
(24:06 / Allies) Blinn: that
(24:08 / Allies) Blinn: was a misclick
(24:10 / All) Krulock: |lol green
(24:23 / Allies) Blinn: bats inc
(24:28 / Allies) Mata.: timg pup frosts
(25:55 / Allies) Mata.: got 6panda
(25:59 / Allies) Mata.: we've been driven back to our half of the map
(26:02 / Allies) timg4strok: spread left
(26:02 / Allies) SyLink: lich died
(26:05 / Allies) Mata.: but it's not over
(27:20 / Allies) Mata.: all gosu?
(28:05 / Allies) Mata.: laffo @ pinko
(28:10 / Allies) Mata.: taking that shit
(28:50 / Allies) Blinn: is it just me or have we played with this soybomb guy before
(28:54 / Allies) SyLink: i like how they target my bm
(29:08 / Allies) Mata.: timg
(29:10 / Allies) Mata.: get some stroyer
(29:11 / Allies) Mata.: maybe
(29:13 / Allies) SyLink: kind of annoying
(29:20 / Allies) Mata.: i'm heading up
(29:46 / Allies) Mata.: opping that
(29:53 / Allies) Mata.: timg how charm coming
(29:58 / Allies) timg4strok: dr dead lmao
(30:00 / Allies) timg4strok: halfway though
(30:05 / Allies) SyLink: laffin at
(30:09 / Allies) SyLink: lost his dl
(30:17 / Allies) Mata.: haha
(30:22 / Allies) SyLink: and sent army hafl dead
(30:24 / Allies) Mata.: timg gtfo
(30:35 / Allies) Mata.: yeah that wasn't good
(30:38 / Allies) Blinn: i'm behind enemy lines killing workers by the way
(30:45 / Allies) Mata.: gjgjg blinn
(30:47 / Allies) Mata.: harass epxo
(30:48 / Allies) timg4strok: only lose 1 wyrm
(30:56 / Allies) SyLink: killed pink army basically
(31:02 / Allies) SyLink: he lost wagons
(31:08 / Allies) Mata.: timg web could fuck you straight over
(31:23 / Allies) timg4strok: sylink
(31:24 / All) SyLink: learn to use units plz
(31:26 / Allies) SyLink: what
(31:27 / Allies) timg4strok: we need to push towers forward
(31:33 / Allies) SyLink: funds are limited
(31:36 / Allies) SyLink: but i will do this
(31:37 / Allies) SyLink: on bottom
(31:51 / Allies) Mata.: ya righte
(32:05 / Allies) SyLink: nice weelss/
(32:06 / Allies) Mata.: takeing
(32:22 / All) SyLink: bye
(32:23 / Allies) Mata.: harrr
(32:27 / All) Blinn: gg gl clan tgx
(32:34 / Allies) Mata.: i got bof for all ne units
(32:56 / All) SyLink: nice siege
(33:04 / All) Krulock: mass wrms is not a strat
(33:10 / All) SyLink: nice coil
(33:18 / All) Blinn: so you got beaten by something that isn't a strat?
(33:23 / All) SyLink: gg gl clan tgx
(33:25 / All) Krulock: 1v1 then
(33:32 / Allies) timg4strok: oops
(33:33 / All) SoYbOmB: u guys r horrible lol
(33:34 / All) Krulock: clan tgx sux this was a retarded game
(33:38 / Allies) Blinn: mata please grudge this guy
(33:41 / All) BLiND.side: lol true story
(33:44 / All) SyLink: sorry you lost
(33:45 / All) SoYbOmB: u guys r horrible
(33:48 / All) SoYbOmB: sorry we didnt rush
(33:49 / All) BLiND.side: go back to ur leader trud with his bought account
(33:49 / All) SoYbOmB: and own u
(33:51 / All) BLiND.side: thank yuo
(33:51 / All) SoYbOmB: lol
(33:55 / All) SyLink: which makes you bad
(33:59 / All) SoYbOmB: tower
(34:01 / All) SoYbOmB: u guys r trash
(34:04 / All) SoYbOmB: next time we'll rush
(34:06 / All) BLiND.side: lol i can do that
(34:06 / All) timg4strok: who won
(34:08 / All) SyLink: keep us updated
(34:19 / All) Krulock: u beat ppl
(34:25 / All) Mata.: we beat you
(34:26 / All) Mata.: specifically
(34:27 / All) BLiND.side: this is the most retarted thing i have seen in my life
(34:27 / All) SyLink: thats pretty deep
(34:33 / All) SoYbOmB: bullshyt game
(34:38 / All) SyLink: gg get out
(34:39 / All) timg4strok: GG and GL Clan TgX
(34:41 / All) SoYbOmB: lucky u got a huge map
(34:44 / All) SoYbOmB: kill my base please
(34:46 / All) Blinn: lucky u got owned
(34:53 / All) SoYbOmB: lucky we didnt rush
(34:59 / All) Blinn: lucky im lucky
(35:02 / All) timg4strok: lucky you are bad at this game
(35:03 / All) SyLink: lucky you cant micro
(35:09 / All) SoYbOmB: u guys suck next time its over
(35:13 / All) SoYbOmB: hurry and kill the bases
(35:13 / All) Blinn: NEXXT TIIIME
(35:14 / All) Mata.: it's over
(35:15 / All) Mata.: this time
(35:20 / All) SoYbOmB: next time u lose
(35:21 / All) SoYbOmB: lol
(35:23 / All) Blinn: and it would've worked too
(35:24 / All) Mata.: this time
(35:24 / All) Mata.: you lose
(35:26 / All) SyLink: this time you lose
(35:27 / All) Blinn: if it wasn't for that DAMNED TGX
(35:29 / All) SoYbOmB: and next time
(35:32 / All) SoYbOmB: and the time after
(35:33 / All) SoYbOmB: and after
(35:34 / All) SoYbOmB: u lose
(35:36 / All) SyLink: tgx 2 gud 4 u
(35:37 / All) Mata.: no you
(35:38 / All) SoYbOmB: cause im sure this is ur only strat
(35:48 / All) Blinn: i thought you said
(35:49 / All) Mata.: it beats noobs what can i say
(35:50 / All) Blinn: it wasn't a strat
(35:52 / Allies) SyLink: oh how close to the truth he is
(35:55 / All) SoYbOmB: watever it was it sucked
(36:01 / All) SyLink: bye nigger
(36:04 / All) SoYbOmB: gj
(36:04 / All) Blinn: and yet you lost to it
(36:05 / All) SoYbOmB: lol
(36:06 / All) timg4strok: gg
(36:10 / All) SoYbOmB: and yet ur trash
(36:10 / All) timg4strok: gg
(36:11 / All) Mata.: teal you possibly shittiest noob
(36:13 / All) Mata.: i ever played
(36:14 / All) timg4strok: gg
(36:15 / All) Mata.: learn how to play war3
(36:16 / All) timg4strok: gg
(36:17 / All) Blinn: grudge grudge
(36:18 / All) timg4strok: gg
(36:18 / All) Blinn: gg
(36:18 / All) SyLink: gg
(36:19 / All) SoYbOmB: and yet im sure u weigh 125 ilbs IRL and ur a bytch
(36:20 / All) SyLink: gg
(36:20 / All) timg4strok: gg
(36:21 / All) SyLink: gg
(36:25 / All) SyLink: i weight 195
(36:25 / All) Mata.: no re
(36:26 / Allies) Mata.: no re
(36:27 / All) Mata.: gg
(36:28 / All) SyLink: gg
(36:29 / Allies) timg4strok: refusing last word
(36:29 / All) SoYbOmB: u guys r so cool can u teach me
(36:30 / All) timg4strok: gg
(36:30 / All) SyLink: gg
(36:31 / All) SyLink: gg
(36:31 / All) Blinn: gg
(36:32 / All) SyLink: gg
(36:33 / All) Blinn: gg
(36:35 / All) Mata.: gg
(36:35 / All) Mata.: gg
(36:36 / Allies) Mata.: gg
(36:36 / All) Blinn: gg
(36:37 / All) SoYbOmB: next time its over im gonna remember ur fag ass names
(36:38 / All) Mata.: gg
(36:38 / All) timg4strok: gg
(36:38 / Allies) Mata.: gg
(36:39 / All) Blinn: gg
(36:42 / All) Mata.: good
(36:43 / All) timg4strok: gg
(36:43 / All) SoYbOmB: keep sayin gg
(36:44 / All) timg4strok: gg
(36:44 / All) Mata.: remember who owned you
(36:44 / All) Blinn: good
(36:45 / All) SoYbOmB: suck my dick
(36:45 / All) timg4strok: gg
(36:45 / All) Blinn: game
(36:46 / All) timg4strok: gg
(36:46 / All) timg4strok: gg
(36:47 / All) SoYbOmB: suck me more please
(36:48 / All) timg4strok: gg
(36:48 / All) SyLink: gg
(36:50 / All) Blinn: gg
(36:51 / All) timg4strok: gg
(36:54 / All) SyLink: gg
(36:55 / All) timg4strok: gg
(36:56 / All) Mata.: write this name down
(36:56 / All) SyLink: gg
(36:56 / All) timg4strok: gg
(36:57 / All) timg4strok: gg
(36:58 / All) Mata.: next time you see it
(36:59 / All) SoYbOmB: kill the bases champ
(36:59 / All) timg4strok: gg
(37:00 / All) timg4strok: gg
(37:00 / All) Mata.: leave right away
(37:01 / All) SyLink: gg
(37:01 / All) timg4strok: gg
(37:02 / All) SyLink: GG
(37:03 / All) timg4strok: gg
(37:06 / All) SoYbOmB: dog next time i see u guys
(37:07 / All) Blinn: quicker to leave
(37:07 / All) SyLink: GFG
(37:08 / All) Blinn: than to lose
(37:08 / All) timg4strok: gg
(37:09 / All) timg4strok: gg
(37:10 / All) SoYbOmB: its that simple
(37:10 / All) timg4strok: gg
(37:11 / All) timg4strok: gg
(37:13 / All) timg4strok: gg
(37:16 / All) timg4strok: gg leave pls
(37:20 / All) Blinn: stop wasting our time and urs
(37:21 / All) timg4strok: gg
(37:22 / All) SoYbOmB: earn ur win
(37:22 / All) Mata.: so why didn't you deliver this game
(37:23 / All) timg4strok: gg
(37:24 / All) SyLink: GG
(37:25 / All) timg4strok: gg
(37:26 / All) Mata.: lets analyze what you did wrong
(37:26 / All) SoYbOmB: earn it pros
(37:30 / All) Blinn: everything lol
(37:31 / All) timg4strok: THIS GAME WAS A TEST RUN
(37:33 / All) timg4strok: NOOB ALLIES
(37:39 / All) SoYbOmB: this map sucks
(37:42 / All) Mata.: oh so it's map?
(37:44 / All) SyLink: y ou suck at this map
(37:47 / All) timg4strok: gg
(37:49 / All) SoYbOmB: its the biggest map in 4v4
(37:50 / All) SoYbOmB: lol
(37:53 / All) timg4strok: so thumbs it
(37:55 / All) SyLink: like my dong
(37:56 / All) timg4strok: lol
(37:57 / All) SoYbOmB: u towered the whole middle
(38:00 / All) SoYbOmB: i didnt thumbs it
(38:01 / All) timg4strok: gg
(38:01 / All) SoYbOmB: lol
(38:02 / All) Mata.: we owned whole you
(38:07 / All) timg4strok: gg
(38:13 / All) SoYbOmB: how bout i fukk ur moms hole
(38:15 / All) timg4strok: gg
(38:15 / All) SoYbOmB: yeah?
(38:16 / All) Blinn: gg
(38:17 / All) timg4strok: gg
(38:17 / All) SyLink: my mom got 2 holes
(38:18 / All) Mata.: we didn't even need to play
(38:18 / All) timg4strok: gg
(38:19 / Allies) Mata.: serious
(38:20 / All) Blinn: gg
(38:20 / All) Mata.: seriously
(38:21 / All) SyLink: gg
(38:22 / All) timg4strok: gg
(38:23 / All) SyLink: gg
(38:24 / All) Mata.: we just fuck around, tower up mid
(38:24 / All) SyLink: gg
(38:25 / All) timg4strok: gg
(38:25 / All) SoYbOmB: u guys suck
(38:26 / All) SyLink: gg
(38:26 / All) timg4strok: gg
(38:27 / All) Mata.: you lost
(38:27 / All) SyLink: gg
(38:27 / All) Blinn: gg
(38:27 / All) timg4strok: gg
(38:28 / All) SyLink: gg
(38:29 / All) timg4strok: gg
(38:29 / All) SyLink: gg
(38:30 / All) Blinn: gg
(38:30 / All) timg4strok: gg
(38:30 / All) SoYbOmB: lol
(38:31 / All) SyLink: gg
(38:31 / All) Blinn: gg
(38:32 / All) SyLink: gg
(38:32 / All) timg4strok: gg
(38:33 / All) Blinn: gg
(38:33 / All) SyLink: gg
(38:34 / All) SyLink: gg
(38:35 / All) Blinn: gg
(38:35 / All) Mata.: you fuckin lost more like
(38:35 / All) SyLink: gg
(38:36 / All) timg4strok: gg
(38:36 / All) SyLink: gg
(38:37 / All) SoYbOmB: keep typin it
(38:37 / All) SyLink: gg
(38:38 / All) SyLink: gg
(38:39 / All) Blinn: gg
(38:40 / All) SyLink: gg
(38:42 / All) Blinn: gg
(38:43 / All) timg4strok: gg
(38:46 / All) timg4strok: gg
(38:47 / All) SyLink: GGGGGGGGGGGGGGGGGGGGGGGGGGGGGGGGGGGGGGGGGGGGGGGGGGGGGGGGGGGGGGGGGGGGGGGGGGGGGGGGGGGGGGGGGGGGGGGGGGGGGGGGGGGGGGGGGGGGGGGGGGGGGGG
(38:49 / Allies) Mata.: staff
(38:52 / Allies) Mata.: and shut that noob down
(38:58 / Allies) Blinn: omw
(39:07 / All) SyLink: GG GL HF
(39:11 / All) Blinn: gg
(39:12 / All) Blinn: eta
(39:12 / All) timg4strok: gg
(39:15 / All) SyLink: THIS BLADE NOT SLEEPING TONIGHT
(39:15 / All) SoYbOmB: u guys r so good
(39:19 / All) SoYbOmB: good clan
(39:20 / All) Blinn: en taro adun, executor
(39:22 / All) timg4strok: gg
(39:23 / All) SoYbOmB: u guys r incredible
(39:24 / All) SyLink: gg
(39:25 / All) timg4strok: gg
(39:26 / All) Blinn: thanks ^_-
(39:27 / All) SoYbOmB: LOL
(39:27 / All) timg4strok: gg
(39:28 / All) timg4strok: gg
(39:29 / All) SoYbOmB: LOL
(39:30 / All) SoYbOmB: LOL
(39:30 / All) timg4strok: gg
(39:32 / All) Blinn: lol its not latin kid
(39:33 / All) Blinn: it's protoss
(39:34 / All) timg4strok: gg
(39:34 / All) SoYbOmB: LATIN GETS THE GIRLS RIGHT
(39:35 / All) Mata.: gg noob leave please
(39:36 / All) timg4strok: gg
(39:36 / All) Mata.: leaaave
(39:37 / All) SyLink: en taro adun is latin oh dear
(39:37 / All) SoYbOmB: AHAHAHAHAHA
(39:39 / All) SoYbOmB: PROTOSS?
(39:45 / All) Blinn: i fucking speak clingon and protoss
(39:47 / All) SoYbOmB: WOW U MUST BE A HUGGGEEEE PUSSY IRL
(39:47 / All) Blinn: gg
(39:49 / All) timg4strok: gg
(39:52 / All) SyLink: you play warcraft and dont know about starcraft maybe you should not play
(39:54 / All) SoYbOmB: holla at them ladies
(39:54 / All) SyLink: gg
(39:55 / All) timg4strok: u lose to pussys
(39:56 / All) SoYbOmB: ayo playboy
(39:57 / All) Blinn: maybe you should not live
(39:57 / All) timg4strok: gg
(39:59 / All) SyLink: have fun at highschool tomorrow
(40:00 / All) SyLink: gg
(40:02 / All) Blinn: gg
(40:03 / All) SoYbOmB: i dont speak the language
(40:03 / All) timg4strok: gg
(40:04 / All) SoYbOmB: LOL
(40:04 / All) timg4strok: gg
(40:05 / All) timg4strok: gg
(40:07 / All) SoYbOmB: yo playboi
(40:07 / All) timg4strok: gg
(40:11 / All) SyLink: gg
(40:12 / All) Blinn: gg
(40:12 / All) SoYbOmB: im in college
(40:13 / All) timg4strok: gg
(40:13 / All) SoYbOmB: lol
(40:13 / All) Mata.: ty for free win
(40:14 / All) timg4strok: gg
(40:16 / All) Mata.: big noob
(40:17 / All) Blinn: more like kindergarten
(40:17 / All) SoYbOmB: im sure i could fukk u all up IRL
(40:17 / All) Mata.: ty
(40:18 / All) Mata.: ty
(40:19 / All) Mata.: ty
(40:19 / Allies) Mata.: ty
(40:20 / All) SoYbOmB: its too easy
(40:22 / All) timg4strok: where u live
(40:23 / All) Mata.: ty
(40:23 / All) Mata.: ty
(40:24 / All) SoYbOmB: LOL
(40:24 / All) Mata.: ty
(40:24 / All) Mata.: ty
(40:25 / All) Mata.: ty
(40:25 / All) SyLink: i do kickboxing actually how about you
(40:25 / Allies) Mata.: ty
(40:26 / Allies) Mata.: ty
(40:26 / All) SoYbOmB: BROOKLYN NYC
(40:27 / All) Mata.: ty
(40:27 / All) SoYbOmB: LOL
(40:27 / All) Mata.: ty
(40:28 / All) Mata.: ty
(40:28 / All) Mata.: ty
(40:29 / All) Mata.: ty
(40:30 / All) timg4strok: BROOKLYN
(40:30 / All) SoYbOmB: U WOULDENT COME
(40:31 / Allies) Mata.: ty
(40:32 / All) Mata.: ty
(40:32 / All) Mata.: ty
(40:32 / All) Mata.: ty
(40:33 / All) Mata.: ty